 Dungeon Crawl Stone Soup version 0.28.0-53-g5a82cb258f (webtiles) character file.

Game seed: 14665382301548789215

81 Sin92 the Skirmisher (level 4, -4/35 HPs)
             Began as a Demonspawn Fighter on July 28, 2022.
             Slain by Jessica
             ... wielding a +7 club
              (6 damage)
             ... on level 3 of the Dungeon.
             The game lasted 00:02:25 (2155 turns).

Sin92 the Skirmisher (Demonspawn Fighter)           Turns: 2155, Time: 00:02:25

Health: -4/35      AC:  7    Str: 18    XL:     4   Next: 19%
Magic:  4/4        EV:  9    Int: 10    God:
Gold:   117        SH:  4    Dex: 12    Spells: 3/3 levels left

rFire   . . .      SeeInvis .   g - +0 mace (protect)
rCold   . . .      Faith    .   c - +0 buckler
rNeg    . . .      Spirit   .   b - +0 scale mail
rPois   .          Reflect  .   l - +0 helmet
rElec   .          Harm     .   (no cloak)
rCorr   .          Rampage  .   (no gloves)
Will    .....                   (no boots)
Stlth   ..........              k - amulet of the acrobat
HPRegen 0.11/turn               (no ring)
MPRegen 0.09/turn               (no ring)

@: no status effects
A: powered by pain 1, demonic touch 1
a: no special abilities


You were on level 3 of the Dungeon.
You visited 1 branch of the dungeon, and saw 3 of its levels.

You collected 117 gold pieces.

Inventory:

Hand Weapons
 a - a +0 war axe
 g - a +0 mace of protection (weapon)
Armour
 b - a +0 scale mail (worn)
 c - a +0 buckler (worn)
 l - a +0 helmet (worn)
Jewellery
 k - an amulet of the acrobat (around neck)
Scrolls
 e - a scroll of identify
 h - 2 scrolls of noise
Potions
 d - a potion of might
 i - a potion of resistance
 j - a potion of haste {unknown}
 m - a potion of heal wounds


   Skills:
 + Level 3.4 Fighting
 * Level 2.7 Axes
 + Level 0.4(1.7) Maces & Flails
 + Level 2.9 Armour
 + Level 1.2 Dodging
 + Level 3.0 Shields


You had 3 spell levels left.
You didn't know any spells.
Your spell library was empty.

Dungeon Overview and Level Annotations

Branches:
Dungeon (3/15)

Altars:

Annotations:
D:3 Jessica


Innate Abilities, Weirdness & Mutations

You sometimes gain a little power by taking damage.
Your touch may inflict minor irresistible damage on your foes.


Message History

Unknown command.
As you read the scroll of teleportation, it crumbles to dust.
You feel strangely unstable. The orc hits you but does no damage.
The orc priest misses you.
The orc warrior hits you with a +0 dire flail.
* * * LOW HITPOINT WARNING * * *
Unknown command.
Your surroundings suddenly seem different.
Jessica the Apprentice Sorceress comes into view.
She is wielding a +7 club.
Jessica shouts!
A bat comes into view.
The bat closely misses you. You block the bat's attack.
The bat barely misses you. The bat misses you.
You hit the bat.
Your weapon exudes an aura of protection.
You kill the bat!
You hit Jessica.
Jessica is heavily wounded.
Jessica closely misses you.
You closely miss Jessica.
Jessica is heavily wounded.
Jessica hits you but does no damage.
Jessica gestures wildly while chanting.
Jessica blinks!
Jessica points at you and mumbles some strange words.
You barely resist. Jessica casts a spell at you.
You barely resist. You barely miss Jessica.
Jessica is heavily wounded.
You block Jessica's attack.
You barely miss Jessica.
Jessica is heavily wounded.
Jessica mumbles some strange words.
Jessica seems to speed up.
Jessica hits you with a +7 club!
* * * LOW HITPOINT WARNING * * *
You closely miss Jessica.
Jessica is heavily wounded.
Jessica hits you with a +7 club.
You die...

#8...8#,,. ###
####...##**#
###8###8##...# *
#............##***
#............8#,,,
#............##,,,
#.#8###⌠###8##***,
#.###*### ###*****
#@##...##**,,,,,,,
#@.......,,*****+*
##.......,,+,,,,,*
*#.....#,**,***,*
*#.....,,*,* *,*
*#..#.,**,***,*
*#...,**,,,,,+
*...,,*+*****
*,..,**,,,,,,


You could see Jessica (fast).

Vanquished Creatures
  An adder (D:2)
  A worm (D:3)
  3 dart slugs (D:2)
  5 bats
  7 endoplasms
  3 giant cockroaches (D:1)
  8 goblins
  5 hobgoblins
  6 jackals
  5 kobolds
  A quokka (D:2)
  3 ball pythons
  2 frilled lizards
  6 rats
56 creatures vanquished.

Notes
Turn   | Place    | Note
-------+----------+-------------------------------------------
     0 | D:1      | Sin92 the Demonspawn Fighter began the quest for the Orb.
     0 | D:1      | Reached XP level 1. HP: 18/18 MP: 1/1
   107 | D:1      | Gained mutation: You sometimes gain a little power by
                  | taking damage. [demonic ancestry]
   107 | D:1      | Reached XP level 2. HP: 20/24 MP: 2/2
   646 | D:1      | Reached XP level 3. HP: 26/29 MP: 3/3
   740 | D:1      | Found a faded altar of an unknown god.
  1089 | D:2      | Reached skill level 1 in Dodging
  1712 | D:2      | Gained mutation: Your touch may inflict minor irresistible
                  | damage on your foes. [demonic ancestry]
  1712 | D:2      | Reached XP level 4. HP: 35/35 MP: 4/4
  2096 | D:3      | Noticed an orc warrior
  2143 | D:3      | Noticed Jessica
  2154 | D:3      | HP: 1/35 [Jessica/+7 club (8)]
  2155 | D:3      | Slain by Jessica

Illustrated notes

Levels and vault maps discovered:
D:1:      lightli_arrival_quake, layout_basic,
          shapermc_ecumenical_altar_acropolis
D:2:      layout_basic
D:3:      minmay_razor_zed, layout_loops_corners, mainiacjoe_overflow_alcove_4,
          mainiacjoe_overflow_catwalk_spiral, minmay_misc_feat_more_columns,
          minmay_misc_feat_encased, corexii_hall_statues_l, uniq_jessica

Skill      XL: |  1  2  3 |
---------------+----------+-----
Axes           | 2 |  2.7
Dodging        | 1 |  1.2
Shields        | 3 |  3.0
Fighting       | |  3.4
Maces & Flails | |  0.4
Armour         | |  2.9

Action                   |  1- 3 |  4- 6 || total
-------------------------+-------+-------++-------
Melee: War axe           |    67 |       ||    67
       Mace              |    84 |    31 ||   115
  Use: Scroll            |       |     6 ||     6
Armor: Scale mail        |    87 |    10 ||    97
Dodge: Dodged            |    59 |    20 ||    79
Block: Buckler           |    43 |    10 ||    53
